| TOP OF THE 1ST |
|
Everett AquaSox batting - Pitching for Tri-City ValleyCats : RHP Shitoshi Sai
|
|
Pitching: RHP Shitoshi Sai
|
|
|
Batting: RHB Antonio Oyola
|
0-0: Swinging Strike 0-1: Fly out, F8 (Flyball, 8RM, EV 88.1 MPH)
|
|
Batting: RHB Tomokazu Sugimoto
|
0-0: Ball 1-0: Foul Ball, location: 2F 1-1: Foul Ball, location: 2F 1-2: Ball 2-2: Ball 3-2: Strikes out swinging
|
|
Batting: RHB Bryan Alfaro
|
0-0: Called Strike 0-1: Ball 1-1: SINGLE (Flyball, 4D, EV 93.8 MPH)
|
|
Batting: RHB Ivan Davila
|
0-0: Ball 1-0: Called Strike 1-1: Called Strike 1-2: Ball 2-2: Ball 3-2: Foul Ball, location: 2F 3-2: Foul Ball, location: 2F 3-2: Ground out U3 (Groundball, 34S, EV 75.6 MPH)
|
| Top of the 1st over - 0 runs, 1 hit, 0 errors, 1 left on base; Everett 0 - Tri-City 0 |
| BOTTOM OF THE 1ST |
|
Tri-City ValleyCats batting - Pitching for Everett AquaSox : RHP Mike Watkins
|
|
Pitching: RHP Mike Watkins
|
|
|
Batting: RHB Patrick Pinault
|
0-0: Swinging Strike 0-1: Ball 1-1: Ground out 6-3 (Groundball, 6, EV 102.5 MPH)
|
|
Batting: RHB Jason Monico
|
0-0: Ball 1-0: Foul Ball, location: 2F 1-1: Swinging Strike 1-2: Strikes out swinging
|
|
Batting: RHB Josh Broome
|
0-0: Foul Ball, location: 2F 0-1: Foul Ball, location: 2F 0-2: Ball 1-2: Fly out, F7 (Line Drive, 7LM, EV 90.6 MPH)
|
| Bottom of the 1st over - 0 runs, 0 hits, 0 errors, 0 left on base; Everett 0 - Tri-City 0 |
| TOP OF THE 2ND |
|
Everett AquaSox batting - Pitching for Tri-City ValleyCats : RHP Shitoshi Sai
|
|
Batting: RHB Ching-hsia Zhang
|
0-0: Ball 1-0: Called Strike 1-1: Called Strike 1-2: Strikes out swinging
|
|
Batting: RHB Danny Pujols
|
0-0: Ball 1-0: Fly out, F8 (Line Drive, 8LS, EV 86.9 MPH)
|
|
Batting: SHB Raghnall Ahearne
|
0-0: Ball 1-0: Called Strike 1-1: Swinging Strike 1-2: Strikes out swinging
|
| Top of the 2nd over - 0 runs, 0 hits, 0 errors, 0 left on base; Everett 0 - Tri-City 0 |
| BOTTOM OF THE 2ND |
|
Tri-City ValleyCats batting - Pitching for Everett AquaSox : RHP Mike Watkins
|
|
Batting: LHB Lou Toth
|
0-0: SINGLE (Flyball, 8LS, EV 90.0 MPH)
|
|
Batting: RHB Roger Pelley
|
0-0: Ball 1-0: Ball 2-0: Ball Wild Pitch! Lou Toth to second 3-0: Foul Ball, location: 2F 3-1: Called Strike 3-2: Foul Ball, location: 2F 3-2: SINGLE (Groundball, 56D, EV 101.2 MPH) Lou Toth to third Runner from 3rd tries for Home, SAFE, throw by LF to home Roger Pelley to second
|
|
Batting: SHB Terciero Ortiz
|
0-0: Ball 1-0: Foul Ball, location: 2F 1-1: Ball 2-1: Foul Ball, location: 2F 2-2: Strikes out swinging
|
|
Batting: RHB John Moore
|
0-0: Fly out, F8 (Flyball, 8RD, EV 90.6 MPH)
|
|
Batting: LHB Lu-po-teh Zhou
|
0-0: Ball 1-0: Foul Ball, location: 2F 1-1: Ball 2-1: Ball 3-1: Base on Balls
|
|
Batting: RHB Domingas Saragoa
|
0-0: Fielders Choice at 2nd, 6-4 (Groundball, 56, EV 103.1 MPH)
|
| Bottom of the 2nd over - 1 run, 2 hits, 0 errors, 2 left on base; Everett 0 - Tri-City 1 |
| TOP OF THE 3RD |
|
Everett AquaSox batting - Pitching for Tri-City ValleyCats : RHP Shitoshi Sai
|
|
Batting: RHB Rich Justice
|
0-0: Ball 1-0: Ball 2-0: Ball 3-0: Called Strike 3-1: Fly out, F8 (Flyball, 8RD, EV 79.4 MPH)
|
|
Batting: RHB Egidius Kruger
|
0-0: Ball 1-0: Ground out U3 (Groundball, 3L, EV 88.1 MPH)
|
|
Batting: RHB Antonio Oyola
|
0-0: Ball 1-0: Called Strike 1-1: Foul Ball, location: 2F 1-2: Ground out 6-3 (Groundball, 6, EV 93.1 MPH)
|
| Top of the 3rd over - 0 runs, 0 hits, 0 errors, 0 left on base; Everett 0 - Tri-City 1 |
| BOTTOM OF THE 3RD |
|
Tri-City ValleyCats batting - Pitching for Everett AquaSox : RHP Mike Watkins
|
|
Batting: RHB Patrick Pinault
|
0-0: Ball 1-0: Fly out, F7 (Flyball, 7D, EV 95.0 MPH)
|
|
Batting: RHB Jason Monico
|
0-0: Called Strike 0-1: Swinging Strike 0-2: Strikes out looking
|
|
Batting: RHB Josh Broome
|
0-0: Ball 1-0: Foul Ball, location: 2F 1-1: Called Strike 1-2: Strikes out swinging
|
| Bottom of the 3rd over - 0 runs, 0 hits, 0 errors, 0 left on base; Everett 0 - Tri-City 1 |
| TOP OF THE 4TH |
|
Everett AquaSox batting - Pitching for Tri-City ValleyCats : RHP Shitoshi Sai
|
|
Batting: RHB Tomokazu Sugimoto
|
0-0: Ball 1-0: Ball 2-0: Foul Ball, location: 2F 2-1: Called Strike 2-2: Ball 3-2: Ground out 5-3 (Groundball, 25, EV 81.2 MPH)
|
|
Batting: RHB Bryan Alfaro
|
0-0: Foul Ball, location: 2F 0-1: DOUBLE (Line Drive, 9LM, EV 95.0 MPH)
|
|
Batting: RHB Ivan Davila
|
0-0: Foul Ball, location: 2F 0-1: Ball Bryan Alfaro steals 3rd base 1-1: Ball 2-1: Swinging Strike 2-2: Ball 3-2: Foul Ball, location: 2F 3-2: SINGLE (Groundball, 56D, EV 103.1 MPH) Bryan Alfaro scores
|
|
Batting: RHB Ching-hsia Zhang
|
0-0: Ball 1-0: Ball 2-0: Called Strike 2-1: Swinging Strike 2-2: Foul Ball, location: 2F 2-2: Fielders Choice at 2nd, 6-4 (Groundball, 6, EV 88.8 MPH)
|
|
Batting: RHB Danny Pujols
|
0-0: Ball 1-0: Ball Ching-hsia Zhang steals 2nd base 2-0: Ball 3-0: Ground out 5-3 (Groundball, 56, EV 91.2 MPH)
|
| Top of the 4th over - 1 run, 2 hits, 0 errors, 1 left on base; Everett 1 - Tri-City 1 |
| BOTTOM OF THE 4TH |
|
Tri-City ValleyCats batting - Pitching for Everett AquaSox : RHP Mike Watkins
|
|
Now at 1B: Sal Cervantes
|
|
|
Batting: LHB Lou Toth
|
0-0: Ball 1-0: Swinging Strike 1-1: Foul Ball, location: 2F 1-2: Ground out 4-3 (Groundball, 4S, EV 70.6 MPH)
|
|
Batting: RHB Roger Pelley
|
0-0: Called Strike 0-1: Ball 1-1: Ball 2-1: Foul Ball, location: 2F 2-2: Ground out U3 (Groundball, 23, EV 88.8 MPH)
|
|
Batting: SHB Terciero Ortiz
|
0-0: Ball 1-0: Called Strike 1-1: Ground out 4-3 (Groundball, 34, EV 100.0 MPH)
|
| Bottom of the 4th over - 0 runs, 0 hits, 0 errors, 0 left on base; Everett 1 - Tri-City 1 |
| TOP OF THE 5TH |
|
Everett AquaSox batting - Pitching for Tri-City ValleyCats : RHP Shitoshi Sai
|
|
Batting: SHB Raghnall Ahearne
|
0-0: Called Strike 0-1: Ground out U3 (Groundball, 3S, EV 61.9 MPH)
|
|
Batting: RHB Rich Justice
|
0-0: Bunt for hit to 2L - play at first, batter OUT! 2-3
|
|
Batting: RHB Egidius Kruger
|
0-0: Foul Ball, location: 2F 0-1: Swinging Strike 0-2: Foul Ball, location: 2F 0-2: Ball 1-2: Ball 2-2: Ball 3-2: Base on Balls
|
|
Batting: RHB Antonio Oyola
|
0-0: Ball Egidius Kruger is caught stealing 2nd base 2-4
|
| Top of the 5th over - 0 runs, 0 hits, 0 errors, 0 left on base; Everett 1 - Tri-City 1 |
| BOTTOM OF THE 5TH |
|
Tri-City ValleyCats batting - Pitching for Everett AquaSox : RHP Mike Watkins
|
|
Batting: RHB John Moore
|
0-0: Ball 1-0: Called Strike 1-1: Ball 2-1: Ball 3-1: Swinging Strike 3-2: Strikes out swinging
|
|
Batting: LHB Lu-po-teh Zhou
|
0-0: Ball 1-0: Ball 2-0: Foul Ball, location: 2F 2-1: Swinging Strike 2-2: Ball 3-2: Ground out U3 (Groundball, 3L, EV 84.4 MPH)
|
|
Batting: RHB Domingas Saragoa
|
0-0: Called Strike 0-1: Ball 1-1: Ground out U3 (Groundball, 34, EV 109.4 MPH)
|
| Bottom of the 5th over - 0 runs, 0 hits, 0 errors, 0 left on base; Everett 1 - Tri-City 1 |
| TOP OF THE 6TH |
|
Everett AquaSox batting - Pitching for Tri-City ValleyCats : RHP Shitoshi Sai
|
|
Batting: RHB Antonio Oyola
|
0-0: Ball 1-0: Ball 2-0: SINGLE (Line Drive, 3D, EV 97.5 MPH)
|
|
Batting: RHB Tomokazu Sugimoto
|
0-0: Ball 1-0: Foul Ball, location: 2F 1-1: Ball 2-1: Grounds into double play, 4-6-3 (Groundball, 34, EV 76.9 MPH)
|
|
Batting: RHB Bryan Alfaro
|
0-0: Called Strike 0-1: Ground out 3-1 (Groundball, 34, EV 88.1 MPH)
|
| Top of the 6th over - 0 runs, 1 hit, 0 errors, 0 left on base; Everett 1 - Tri-City 1 |
| BOTTOM OF THE 6TH |
|
Tri-City ValleyCats batting - Pitching for Everett AquaSox : RHP Mike Watkins
|
|
Batting: RHB Patrick Pinault
|
0-0: Ball 1-0: Ball 2-0: Called Strike 2-1: Fly out, F4 (Line Drive, 4, EV 71.2 MPH)
|
|
Pitching: RHP Ke-yong Khoo
|
|
|
Batting: RHB Jason Monico
|
0-0: Called Strike 0-1: SINGLE (Line Drive, 9S, EV 90.0 MPH)
|
|
Batting: RHB Josh Broome
|
0-0: Swinging Strike 0-1: Called Strike 0-2: DOUBLE (Line Drive, 9LS, EV 93.1 MPH) Jason Monico to third
|
|
Batting: LHB Lou Toth
|
0-0: Ball 1-0: Ball 2-0: Called Strike 2-1: Called Strike 2-2: Foul Ball, location: 2F 2-2: Ball 3-2: Foul Ball, location: 2F 3-2: Base on Balls
|
|
Batting: RHB Roger Pelley
|
0-0: Called Strike 0-1: Swinging Strike 0-2: Ball Wild Pitch! Jason Monico scores Josh Broome to third Lou Toth to second 1-2: Strikes out swinging
|
|
Batting: SHB Terciero Ortiz
|
0-0: Ball Wild Pitch! Josh Broome scores Lou Toth to third 1-0: Called Strike 1-1: Foul Ball, location: 2F 1-2: Ball Wild Pitch! Lou Toth scores 2-2: Strikes out swinging
|
| Bottom of the 6th over - 3 runs, 2 hits, 0 errors, 0 left on base; Everett 1 - Tri-City 4 |
| TOP OF THE 7TH |
|
Everett AquaSox batting - Pitching for Tri-City ValleyCats : RHP Shitoshi Sai
|
|
Pitching: RHP Brian Trejo
|
|
|
Batting: RHB Sal Cervantes
|
0-0: Ball 1-0: Called Strike 1-1: Ball 2-1: Ball 3-1: Base on Balls
|
|
Batting: RHB Ching-hsia Zhang
|
0-0: Called Strike 0-1: Ball 1-1: Fielders Choice at 2nd, 5-4 (Groundball, 56S, EV 83.1 MPH)
|
|
Batting: RHB Danny Pujols
|
0-0: Ball Ching-hsia Zhang is caught stealing 2nd base 2-4 1-0: Ball 2-0: Ball 3-0: Called Strike 3-1: Swinging Strike 3-2: Strikes out swinging
|
| Top of the 7th over - 0 runs, 0 hits, 0 errors, 0 left on base; Everett 1 - Tri-City 4 |
| BOTTOM OF THE 7TH |
|
Tri-City ValleyCats batting - Pitching for Everett AquaSox : RHP Ke-yong Khoo
|
|
Pitching: RHP Aaron Black
|
|
|
Batting: RHB John Moore
|
0-0: Ball 1-0: Called Strike 1-1: Ball 2-1: Called Strike 2-2: Ball 3-2: Strikes out swinging
|
|
Batting: LHB Lu-po-teh Zhou
|
0-0: Ball 1-0: Ball 2-0: Called Strike 2-1: Ball 3-1: Called Strike 3-2: Base on Balls
|
|
Batting: RHB Domingas Saragoa
|
0-0: Called Strike 0-1: Ball 1-1: Ball 2-1: Fly out, F7 (Flyball, 7, EV 96.9 MPH)
|
|
Batting: RHB Patrick Pinault
|
0-0: Ball 1-0: Ground out 5-3 (Groundball, 56, EV 103.1 MPH)
|
| Bottom of the 7th over - 0 runs, 0 hits, 0 errors, 1 left on base; Everett 1 - Tri-City 4 |
| TOP OF THE 8TH |
|
Everett AquaSox batting - Pitching for Tri-City ValleyCats : RHP Brian Trejo
|
|
Batting: SHB Raghnall Ahearne
|
0-0: Ground out 4-3 (Groundball, 4, EV 108.1 MPH)
|
|
Batting: RHB Rich Justice
|
0-0: Swinging Strike 0-1: Ball 1-1: Called Strike 1-2: Strikes out looking
|
|
Batting: RHB Egidius Kruger
|
0-0: Foul Ball, location: 2F 0-1: Swinging Strike 0-2: Ball 1-2: Ball 2-2: Strikes out looking
|
| Top of the 8th over - 0 runs, 0 hits, 0 errors, 0 left on base; Everett 1 - Tri-City 4 |
| BOTTOM OF THE 8TH |
|
Tri-City ValleyCats batting - Pitching for Everett AquaSox : RHP Aaron Black
|
|
Batting: RHB Jason Monico
|
0-0: Foul Ball, location: 2F 0-1: Swinging Strike 0-2: Ball 1-2: Foul Ball, location: 2F 1-2: Ball 2-2: Fly out, F7 (Flyball, 7S, EV 96.9 MPH)
|
|
Batting: RHB Josh Broome
|
0-0: Ball 1-0: Ball 2-0: Ball 3-0: Base on Balls
|
|
Pitching: RHP Jose Acevedo
|
|
|
Batting: LHB Lou Toth
|
0-0: Foul Ball, location: 2F 0-1: Swinging Strike 0-2: Ball 1-2: Ball 2-2: Foul Ball, location: 2F 2-2: Strikes out swinging
|
|
Batting: RHB Roger Pelley
|
0-0: Fly out, F8 (Flyball, 78M, EV 83.8 MPH)
|
| Bottom of the 8th over - 0 runs, 0 hits, 0 errors, 1 left on base; Everett 1 - Tri-City 4 |
| TOP OF THE 9TH |
|
Everett AquaSox batting - Pitching for Tri-City ValleyCats : RHP Brian Trejo
|
|
Pitching: LHP T.J. Westover
|
|
|
Batting: RHB Antonio Oyola
|
0-0: Ground out 6-3 (Groundball, 6, EV 85.0 MPH)
|
|
Batting: RHB Tomokazu Sugimoto
|
0-0: Ball 1-0: Ball 2-0: Called Strike 2-1: Swinging Strike 2-2: Foul Ball, location: 2F 2-2: Foul Ball, location: 2F 2-2: Ground out 5-3 (Groundball, 56S, EV 74.4 MPH)
|
|
Batting: RHB Bryan Alfaro
|
0-0: Ball 1-0: Called Strike 1-1: Foul Ball, location: 2F 1-2: Strikes out looking
|
| Top of the 9th over - 0 runs, 0 hits, 0 errors, 0 left on base; Everett 1 - Tri-City 4 |
|